 Dungeon Crawl Stone Soup version 0.27.0-1-g7a089689b8 (webtiles) character file.

Game seed: 191225225938140194

489 ZARRMARR the Cudgeller (level 6, 0/47 HPs)
             Began as a Demonspawn Gladiator on Aug 14, 2021.
             Killed from afar by an orc wizard (13 damage)
             ... with a puff of flame
             ... on level 3 of the Dungeon.
             The game lasted 00:25:03 (3456 turns).

ZARRMARR the Cudgeller (Demonspawn Gladiator)       Turns: 3456, Time: 00:25:04

Health: 0/47       AC:  5    Str: 16    XL:     6   Next: 90%
Magic:  6/6        EV: 28    Int:  9    God:
Gold:   39         SH:  0    Dex: 15    Spells: 5/5 levels left

rFire    . . .     SeeInvis .   a - +1 flail (vorpal)
rCold    . . .     Faith    .   (no shield)
rNeg     . . .     Spirit   .   b - +0 leather armour
rPois    .         Reflect  .   c - +1 helmet
rElec    .         Harm     .   (no cloak)
rCorr    .         Rampage  .   (no gloves)
Will     .....                  (no boots)
Stlth    +.........             e - amulet of the acrobat
HPRegen  0.15/turn              (no ring)
MPRegen  0.10/turn              (no ring)

@: acrobatic
A: hooves 2, demonic guardian 1
a: no special abilities


You were on level 3 of the Dungeon.
You visited 1 branch of the dungeon, and saw 3 of its levels.
You also visited: Sewer.

You collected 103 gold pieces.
You spent 64 gold pieces at shops.

Inventory:

Hand Weapons
 a - a +1 vorpal flail (weapon)
Missiles
 d - a throwing net (quivered)
 m - 59 stones
Armour
 b - a +0 leather armour (worn)
 c - a +1 helmet (worn)
Magical Staves
 h - a staff of death
Jewellery
 e - an amulet of the acrobat (around neck)
Scrolls
 g - a scroll of fear
 j - a scroll of amnesia
 k - a scroll of magic mapping {unknown}
 n - a scroll of noise {unknown}
Potions
 f - a potion of degeneration {unknown}
 i - a potion of attraction
 o - 2 potions of curing
 p - a potion of mutation {unknown}


   Skills:
 + Level 3.1 Fighting
 + Level 4.9 Maces & Flails
 + Level 2.8 Throwing
 + Level 2.7 Armour
 + Level 3.7 Dodging


You had 5 spell levels left.
You didn't know any spells.
Your spell library contained the following spells:

 Spells                   Type           Power      Damage    Failure   Level
 Blink                    Tloc           N/A        N/A       58%         2
 Lesser Beckoning         Tloc           0%         N/A       82%         3
 Manifold Assault         Tloc           0%         N/A       100%        5


Dungeon Overview and Level Annotations

Branches:
Dungeon (3/15)              Sewer (visited)

Altars:

Shops:
D:1 *   D:2 =   D:3 *!*


Innate Abilities, Weirdness & Mutations

You have hoof-like feet.
A weak demonic guardian rushes to your aid.


Message History

You feel less confused.
You hear some strange, mumbled words.
A magic dart appears from out of thin air!
The magic dart hits you.
You hear some strange, mumbled words.
Something tries to affect you, but you resist.
You see here 20 stones.
Something barely misses your ufetubus.
The orc hits your ufetubus with a +0 dagger.
Your ufetubus hits the orc.
Your ufetubus hits the orc but does no damage.
Something misses your ufetubus.
Your ufetubus barely misses the orc.
Your ufetubus hits the orc.
The orc hits your ufetubus with a +0 dagger.
Your ufetubus hits the orc.
The orc dies!
Something closely misses your ufetubus. Something misses your ufetubus.
The orc priest looks satisfied for a moment.
Something barely misses your ufetubus.
The orc priest closely misses your ufetubus.
Something misses your ufetubus.
The orc priest closely misses your ufetubus.
Something hits your ufetubus.
Your ufetubus dies!
You closely miss the orc priest. Your kick misses the orc priest.
The orc priest hits you with a +0 dagger.
Your leather armour prevents you from hitting the orc priest.
You kick the orc priest!
The orc priest is heavily wounded.
The orc priest hits you but does no damage.
You thump the orc priest!
You kill the orc priest!
A magic dart appears from out of thin air!
The magic dart hits you.
* * * LOW HITPOINT WARNING * * *
You hear some strange, mumbled words.
A puff of flame appears from out of thin air!
The puff of flame hits you!
You die...

.# #..# #..# # #..#
#.# .# ..######
#..# #.# ...
........#...# #.#
..... #.# #.# #.#
......# #o# #.# #.#
..###.# #o# #.# #
#.# ..# #.#####.#
#.##.# #.# ..#
#..((())######....#
#.#
#######†)({.@..####
#.# #.######.######
#.# #.# #....?.#
#.# #.# #.####.#
###.# ..# #†# #.
##...# ### #.# #.
#.∩### #.# #.##
#..# #<# #..###.##
#.### #.....#


There were no monsters in sight!

Vanquished Creatures
  Grinder (D:3)
  2 bullfrogs (Sewer)
  A centaur zombie (D:3)
  An orc priest (D:3)
  6 adders
  A river rat (D:3)
  A worm (D:3)
  2 dart slugs (D:1)
  2 orcs (D:3)
  6 bats
  2 endoplasms
  8 giant cockroaches
  7 goblins
  3 hobgoblins
  4 jackals
  5 kobolds
  7 quokkas
  6 ball pythons
  9 frilled lizards
  4 rats
78 creatures vanquished.

Vanquished Creatures (collateral kills)
  An orc (D:3)
  A bat (D:3)
2 creatures vanquished.

Grand Total: 80 creatures vanquished

Notes
Turn   | Place    | Note
-------+----------+-------------------------------------------
     0 | D:1      | ZARRMARR the Demonspawn Gladiator began the quest for the
                  | Orb.
     0 | D:1      | Reached XP level 1. HP: 16/16 MP: 1/1
   142 | D:1      | Gained mutation: A weak demonic guardian rushes to your
                  | aid. [demonic ancestry]
   142 | D:1      | Reached XP level 2. HP: 18/22 MP: 2/2
   229 | D:1      | Reached skill level 3 in Maces & Flails
   681 | D:1      | Found Ritsomess's Assorted Antiques.
  1056 | D:2      | Gained mutation: You have large cloven feet. [demonic
                  | ancestry]
  1056 | D:2      | Reached XP level 3. HP: 24/27 MP: 3/3
  1128 | D:2      | Found Gontoon's Jewellery Boutique.
  1277 | D:2      | Reached skill level 1 in Armour
  1363 | D:2      | You fall into a shaft and drop 1 floor!
  1466 | D:3      | Found Maong's Assorted Antiques.
  1471 | D:3      | Found Beapaibo's Distillery.
  1500 | D:3      | Reached XP level 4. HP: 33/33 MP: 4/4
  1588 | D:3      | Found a glowing drain.
  1600 | Sewer    | Entered a sewer
  1954 | Sewer    | Noticed a bullfrog
  1955 | Sewer    | Noticed a bullfrog
  1967 | Sewer    | Killed a bullfrog
  1968 | Sewer    | Reached skill level 4 in Maces & Flails
  1968 | Sewer    | Gained mutation: You have hoof-like feet. [demonic
                  | ancestry]
  1968 | Sewer    | Reached XP level 5. HP: 20/39 MP: 5/5
  2419 | D:3      | Reached XP level 6. HP: 43/46 MP: 6/6
  2458 | D:3      | Found Bamumoss's General Store.
  2471 | D:3      | Bought a scroll of identify for 22 gold pieces
  2559 | D:1      | Bought a scroll of identify for 42 gold pieces
  2615 | D:3      | Noticed Grinder
  2621 | D:3      | Paralysed by Grinder for 7 turns
  3275 | D:3      | Killed Grinder
  3456 | D:3      | Killed from afar by an orc wizard

Illustrated notes

Levels and vault maps discovered:
D:1:      nicolae_arrival_washed_ashore, layout_loops_ring, serial_shops, shop,
          minivault_24
D:2:      layout_loops_cross, serial_shops, nicolae_shop_statue_plus
D:3:      layout_loops_ring, serial_shops, nicolae_shop_stone,
          nicolae_shop_window_shopping, shop, gup_sewer_entry_bowl,
          kennysheep_pointless_box, uniq_grinder

Skill      XL: |  1  2  3  4  5  6 |
---------------+-------------------+-----
Dodging        | 3 |  3.7
Maces & Flails | 3 4 |  4.9
Armour         | 1 2 |  2.7
Throwing       | 2 |  2.8
Fighting       | 3 |  3.1

Action                   |  1- 3 |  4- 6 || total
-------------------------+-------+-------++-------
Melee: Flail             |   100 |   111 ||   211
       Kick              |     7 |    25 ||    32
Throw: Throwing net      |     1 |     3 ||     4
       Dart              |       |    25 ||    25
  Use: Scroll            |     6 |     4 ||    10
       Potion            |       |     2 ||     2
Armor: Leather armour    |    46 |    34 ||    80
Dodge: Dodged            |    61 |    82 ||   143
